 Dungeon Crawl Stone Soup version bcrawl-1.27.1d (webtiles) character file.

Game seed: 6833267077439638847

149551 Freyura the Twirler (level 5, 41/41 HPs)
             Began as a Demonspawn Gladiator on July 19, 2020.
             Got out of the dungeon alive.
             The game lasted 00:05:59 (2519 turns).

Freyura the Twirler (Demonspawn Gladiator)          Turns: 2519, Time: 00:06:00

Health: 41/41      AC:  4    Str: 15    XL:     5   Next: 27%
Magic:  5/5        EV: 13    Int:  9    God:
Gold:   194        SH:  0    Dex: 15    Spells: 4/4 levels left

rFire    . . .     SeeInvis .   a - +1 quarterstaff
rCold    . . .     Gourm    .   (shield currently unavailable)
rNeg     . . .     Faith    .   b - +0 leather armour
rPois    .         Spirit   .   c - +0 helmet
rElec    .         Reflect  .   (no cloak)
rCorr    .         Harm     .   (no gloves)
MR       .....                  (no boots)
Stlth    ++........             (no amulet)
HPRegen  0.13/turn              (no ring)
MPRegen  0.09/turn              (no ring)

@: no status effects
A: claws 1, demonic guardian 1, nightstalker 1, powered by pain 1
a: no special abilities


You escaped.
You were not hungry.

You visited 1 branch of the dungeon, and saw 3 of its levels.

You collected 194 gold pieces.

Inventory:

Hand Weapons
 a - a +1 quarterstaff (weapon)
Missiles
 d - 3 throwing nets {=f}
Armour
 b - a +0 leather armour (worn)
 c - a +0 helmet (worn)
Scrolls
 f - 4 scrolls of magic mapping
 i - 2 scrolls of identify
 j - 2 scrolls of teleportation {unknown}
 m - a scroll of enchant armour {unknown}
 n - 2 scrolls of remove curse {unknown}
 p - a scroll of enchant weapon
Potions
 g - a potion of lignification {unknown}
 h - a potion of mutation {unknown}
 k - 4 potions of curing {unknown}
 l - a potion of magic {unknown}
 o - a potion of haste {unknown}
Comestibles
 e - 6 rations {!d}
 q - a chunk of flesh


   Skills:
 + Level 3.2 Fighting
 + Level 3.6 Staves
 - Level 1.7 Throwing
 + Level 2.0 Armour
 + Level 3.5 Dodging


You had 4 spell levels left.
You didn't know any spells.
Your spell library was empty.

Dungeon Overview and Level Annotations

Branches:
Dungeon (3/12)

Altars:
Cheibriados


Innate Abilities, Weirdness & Mutations

You have sharp fingernails.
A weak demonic guardian rushes to your aid.
You are slightly more attuned to the shadows.
You sometimes gain a little power by taking damage.


Message History

You see here 263 sling bullets.
Done exploring.
Done exploring.
(D) Dungeon
Where to? (Enter - D:3, ? - help)
What level of the Dungeon? (default 1, ? - help)
You see here 263 sling bullets.
There is a stone staircase leading up here.
You climb upwards.
There is a stone staircase leading down here.
There is a stone staircase leading up here.
You climb upwards.
There is a stone staircase leading down here.
There is a shaft here.
You see here a club.
You see here a club.
There is an open door here.
There is a staircase leading out of the dungeon here.
Are you sure you want to leave the Dungeon?
This will make you lose the game!
You have escaped!

.........#....)...........#
######.###.#####'#######'##
#.....# ##.........##
###.#.# ##...#####...##
#.#####.#.#.###.#.#.## #.#
##.##.##.#.##.##.##
#.###.###.###.###.###.##
#.##.####.##.#.##.####.###
#.'......@..###.........'.
#.#..####.### ###.####..#.
#.#.#.###.# #.###.#.#.
#.#.##.#.## ##.#.##.#.
#.#.###.## ##.###.#.
#.#.##.#.## ##.#.##.#.
#.#.#.###.# #.###.#.#.
#.#..####.### ###.####..#.
#.'.........###.........+.


There were no monsters in sight!

Vanquished Creatures
  5 adders
  3 oozes (D:2)
  4 worms (D:3)
  2 dart slugs
  4 leopard geckos
  An orc (D:3)
  2 giant cockroaches (D:1)
  7 goblins
  7 hobgoblins
  7 jackals
  3 kobolds
  2 quokkas (D:2)
  7 bats
  3 frilled lizards
  8 rats
65 creatures vanquished.

Vanquished Creatures (collateral kills)
  A crimson imp (D:3)
1 creature vanquished.

Grand Total: 66 creatures vanquished

Notes
Turn   | Place    | Note
-------+----------+-------------------------------------------
     0 | D:1      | Freyura the Demonspawn Gladiator began the quest for the
                  | Orb.
     0 | D:1      | Reached XP level 1. HP: 16/16 MP: 1/1
   301 | D:1      | Gained mutation: You sometimes gain a little power by
                  | taking damage. [demonic ancestry]
   301 | D:1      | Reached XP level 2. HP: 15/22 MP: 2/2
   737 | D:1      | Reached skill level 1 in Armour
   842 | D:1      | Gained mutation: You have sharp fingernails. [demonic
                  | ancestry]
   842 | D:1      | Reached XP level 3. HP: 28/28 MP: 3/3
  1297 | D:2      | Gained mutation: A weak demonic guardian rushes to your
                  | aid. [demonic ancestry]
  1297 | D:2      | Reached XP level 4. HP: 31/34 MP: 4/4
  1523 | D:2      | Found a snail-covered altar of Cheibriados.
  2186 | D:3      | Gained mutation: You are slightly more attuned to the
                  | shadows. [demonic ancestry]
  2186 | D:3      | Reached XP level 5. HP: 41/41 MP: 5/5
  2519 | D:$      | Got out of the dungeon alive.

Skill      XL: |  1  2  3  4 |
---------------+-------------+-----
Staves         | 3 |  3.6
Dodging        | 3 |  3.5
Armour         | 1 2 |  2.0
Fighting       | 3 |  3.2
Throwing       | |  1.7

Action                   |  1- 3 |  4- 6 || total
-------------------------+-------+-------++-------
Melee: Quarterstaff      |   128 |    80 ||   208
  Use: Scroll            |       |     2 ||     2
 Stab: Sleeping          |     3 |     3 ||     6
  Eat: Chunk             |     6 |     1 ||     7
       Ration            |     1 |       ||     1
Armor: Leather armour    |    44 |    15 ||    59
Dodge: Dodged            |   128 |    48 ||   176
